[Event "Polish Youth B18 Championship 2023"]
[Site "Jastrzebia Gora"]
[Date "2023.03.14"]
[Round "4.17"]
[White "Kolodziejski, Piotr"]
[Black "Smuda, Tomasz"]
[Result "1-0"]
[ECO "B18"]
[WhiteElo "2118"]
[BlackElo "1654"]
[Annotator "TA"]
[PlyCount "133"]
[EventDate "2023.03.11"]
[EventType "swiss"]
[EventCountry "POL"]
[SourceTitle "playchess.com"]
[Source "ChessBase"]
[SourceQuality "1"]
[TimeControl "40/5400+30:1800+30"]

1. e4 c6 2. d4 d5 3. Nc3 dxe4 4. Nxe4 Bf5 5. Ng3 Bg6 6. h4 h6 7. N1e2 {[%emt 0:00:04] B18: Classical Caro-Kann: 4...Bf5 sidelines.} e5 {[%emt 0:05:17] Inhibits Nf4.} 8. dxe5 Qa5+ (8... Qxd1+ $1 $11 9. Kxd1 Nd7) 9. Bd2 $16 {[%emt 0:00:05] White is better.} Qxe5 10. Bc3 Qc7 11. Qd2 {[%emt 0:03:43] [#]} Nf6 $146 (11... Nd7 $142) ({Predecessor:} 11... Nd7 12. O-O-O O-O-O 13. Nf4 Ngf6 14. Nxg6 fxg6 15. Kb1 Bc5 16. Bc4 Rhe8 17. Bd4 Nb6 {0-1 Hiramine,R (1966)-Garcia,G (1921) Goiania-ch U26 2013 (6)}) 12. O-O-O $40 {[%emt 0:08:19][%mdl 128] White wants a kill.} (12. Bxf6 $6 gxf6 13. O-O-O (13. h5 Bh7 $14) 13... Nd7 $14) 12... Be7 $2 (12... Nbd7 $16 {was called for.}) 13. Nf4 $18 O-O 14. Nxg6 fxg6 15. Bc4+ Kh8 (15... Nd5 {was worth a try.} 16. Qd3 (16. Bxd5+ cxd5 17. Qxd5+ Rf7 $16) 16... Bf6 17. Bxf6 (17. Bxd5+ cxd5 18. Qxd5+ Qf7 $18) 17... Rxf6 18. Bxd5+ (18. Ne4 Rf5 $18) 18... cxd5) 16. Rhe1 {[%emt 0:05:10] [#] Black must now prevent Ne2.} b5 17. Be6 Na6 18. Ba5 {[%emt 0:02:21] A strong pair of Bishops.} Qb7 19. Qd3 Nc5 $2 (19... Bb4) 20. Qxg6 Nxe6 21. Rxe6 Nd5 22. Nh5 {[%emt 0:13:02][%csl Gh5][%cal Rg6g7] [#]} ({Less strong is} 22. Rxc6 Bf6 23. Rd6 Nf4 $16) 22... Bxh4 23. Rxc6 Bg5+ 24. Kb1 {[%emt 0:00:28][%cal Oc6c7] White threatens Rc7! and mate.} Nf4 25. Nxf4 Bxf4 26. Re6 $2 (26. Rc7 Qxc7 27. Bxc7 Bxc7 28. Rd7) 26... Qf7 27. Qe4 {[%emt 0:03:40] White has more active pieces.} Rac8 (27... Rae8 $16 28. Rxe8 Qxe8) 28. Bc3 {[%emt 0:01:30] aiming for Re7.} Bg5 {[%emt 0:00:30] Repels Re7} 29. f3 Rc4 (29... Rfd8 $142 30. Rh1 Kg8) 30. Qe2 Rfc8 31. Rd4 Rxd4 32. Bxd4 Rd8 33. c3 b4 34. Qe4 {[%emt 0:04:37] Strongly threatening Rg6.} bxc3 {[%emt 0:00:32] Black is weak on the light squares} 35. Bxc3 Qd7 (35... Rd1+ $142 36. Kc2 Rd8) 36. Qe2 Rc8 37. g3 (37. a3 $18) 37... Qb7 38. Re8+ Kh7 $2 (38... Rxe8 $16 39. Qxe8+ Kh7) 39. Qd3+ g6 40. Rxc8 ({Weaker is} 40. Re6 Qf7 41. Rd6 Rc7 $18) 40... Qxc8 {[%emt 0:00:00][%mdl 4096] Endgame KQB-KQB} 41. f4 Qd8 42. Kc2 Qxd3+ $2 (42... Bf6 43. Qxd8 Bxd8) 43. Kxd3 {[%emt 0:00:05] KB-KB} Bd8 44. Ke4 Kg8 45. b4 Kf7 46. Kd5 h5 47. b5 {[%emt 0:01:36] Threatens to win with Bd4.} Bb6 48. Bd4 Ba5 49. Ke4 (49. Bxa7 $142 g5 50. fxg5) 49... Be1 50. Kf3 Ke6 51. Bxa7 {[%emt 0:00:03] And now b6 would win.} Kd7 52. Bf2 (52. Bb6 $142 Kc8 53. g4) 52... Bc3 53. Ke4 Kd6 54. a4 {[%emt 0:00:19][%cal Ba2a4,Ba4a5,Ba5a6][%mdl 32] Threatening mate with Bb6.} Ke6 55. Bb6 {[%emt 0:02:04] White mates.} Kd7 56. a5 Kc8 57. a6 Be1 58. Kf3 Bc3 59. Bf2 Bf6 60. Ke4 Kb8 61. Kd5 g5 62. fxg5 Bxg5 63. Kc6 h4 64. gxh4 Bd8 65. b6 Be7 66. a7+ Ka8 67. b7# {[%emt 0:00:05] Weighted Error Value: White=0.27 (precise) /Black=0.61} 1-0

[Event "Polish Youth B18 Championship 2023"]
[Site "Jastrzebia Gora"]
[Date "2023.03.14"]
[Round "4.18"]
[White "Jedraszek, Pawel"]
[Black "Pieczulis, Blazej"]
[Result "0-1"]
[ECO "B18"]
[WhiteElo "1944"]
[BlackElo "1784"]
[Annotator "TA"]
[PlyCount "165"]
[EventDate "2023.03.11"]
[EventType "swiss"]
[EventCountry "POL"]
[SourceTitle "playchess.com"]
[Source "ChessBase"]
[SourceQuality "1"]
[TimeControl "40/5400+30:1800+30"]

1. e4 c6 2. d4 d5 3. Nc3 dxe4 4. Nxe4 Bf5 5. Ng3 Bg6 6. h4 h6 7. f4 e6 8. Nf3 Nd7 9. h5 Bh7 10. Bd3 Bxd3 11. Qxd3 Qc7 12. Bd2 O-O-O 13. Qe2 Ngf6 14. O-O-O Nb6 {[%emt 0:06:26] B18: Classical Caro-Kann: 4...Bf5 sidelines.} 15. Kb1 Nbd5 (15... c5 $11) 16. Ne5 $16 c5 {[%emt 0:05:28] White is better.} 17. c4 Nb6 {[%emt 0:00:52] [#]} 18. Be3 $146 ({Predecessor:} 18. dxc5 Bxc5 19. Ba5 Qe7 20. Nd3 Rd7 21. Rc1 Kb8 22. Ne5 Rd4 23. Rhf1 Rhd8 24. Bc3 {1-0 Gunajew,R (2225)-Janocko,P (2077) Plzen op 1st 2009 (5)}) 18... Na4 19. Qc2 cxd4 20. Qxa4 (20. Rxd4 $6 Rxd4 21. Bxd4 Bc5 $14) 20... dxe3 21. Rxd8+ (21. Qxa7 $6 Bd6 22. Rxd6 (22. Qxe3 Ng4 $11) 22... Qxd6 $11) 21... Kxd8 22. Qxa7 Bc5 23. Qa8+ {[%emt 0:10:20][%mdl 64] Skewer} Qc8 24. Qxc8+ ({Of course not} 24. Qa4 Ke7 $11) 24... Kxc8 25. Nxf7 Rf8 26. Ne5 Rd8 27. Nf3 {[%emt 0:02:50] Prevents Rd2} Ng4 28. Kc2 Nf2 $1 29. Rf1 Rf8 {[%emt 0:05:17] [#]} 30. Ne2 Bd6 {[%emt 0:00:27] [#]} 31. Nfd4 (31. g3 $1 $16) 31... Kd7 $11 32. g3 e5 33. fxe5 Bxe5 34. a3 Kd6 35. Nb5+ {[%emt 0:03:14] Excellent horsemanship.} (35. Re1 $11) 35... Kc5 $15 36. b3 {[%emt 0:00:29][%mdl 8192] Black continues to play with concentration.} (36. Nbc3 $1 $15) 36... Rd8 $19 37. Nbc3 (37. Ned4 $142 Bxd4 38. Re1) 37... Rd2+ 38. Kb1 Bxc3 {[%emt 0:00:19][%mdl 64] Remove Defender} 39. Nxc3 {[%emt 0:00:30][%mdl 4096] Endgame KRN-KRN} Kd4 40. Rc1 e2 41. Nxe2+ Rxe2 {[%emt 0:04:43] KRN-KR} 42. c5 Nd3 (42... Ne4 $142 43. Rc2 Rxc2 44. Kxc2 Nxg3) 43. Rc4+ Kd5 {[%emt 0:00:44] ...Rb2+ would be deadly.} 44. Rg4 (44. Rc3 $142 Nxc5 45. Rc4) 44... Rb2+ 45. Ka1 Rxb3 46. Rxg7 Rxa3+ 47. Kb1 Nxc5 48. g4 Rg3 49. Rg6 Ne6 (49... b5 $142 50. Rf6 Rxg4 51. Rxh6 b4 52. Kc2 b3+ 53. Kc3 Rc4+ 54. Kd2 Rb4 55. Rg6 b2 56. Rg1 b1=Q 57. Rxb1 Rxb1 58. Ke3 Ne6 59. Kd3 Rh1 60. h6 Rxh6 61. Ke2 Rh3 62. Kd1 Kd4 63. Kc2 Nf4 64. Kb2 Rh2+ 65. Kb3 Nd5 66. Ka4 Kc4 67. Ka3 Nf6 68. Ka4 Ra2#) 50. Rxh6 Rxg4 51. Rh8 Rh4 52. h6 Ng5 {[%emt 0:00:43] ( -> ...Nf7)} 53. Kc2 Nf7 54. Rh7 Ke6 ({Stronger than} 54... Nxh6 55. Rxb7 Ng4 56. Kc3 $15) 55. Kb3 Rxh6 ({Worse is} 55... Nxh6 56. Rxb7 Nf5 57. Rb6+ Kd5 58. Rb5+ Ke6 59. Kc3 $15) 56. Rg7 Rh4 57. Rg6+ Kd5 58. Rg7 Nd6 59. Rc7 b5 60. Rg7 Kc5 61. Rg5+ Kc6 62. Rg6 Rf4 63. Rh6 Kc5 64. Rh5+ Rf5 65. Rh3 Nc4 66. Rh8 Rf3+ 67. Kc2 Kb4 68. Rb8 Rf2+ 69. Kb1 Na3+ 70. Kc1 Kb3 71. Rh8 Rc2+ 72. Kd1 b4 73. Rh4 Rc4 74. Rh2 Rc2 75. Rh4 $1 Nc4 {[%emt 0:00:03] Black mates.} 76. Rh8 Kb2 77. Ra8 b3 78. Ra4 Kb1 79. Rb4 b2 80. Ra4 Rc1+ 81. Ke2 Kc2 82. Rxc4+ Kb3 83. Rxc1 {[%emt 0:00:05] Weighted Error Value: White=0.83/Black=0.50} 0-1

[Event "Polish Youth B18 Championship 2023"]
[Site "Jastrzebia Gora"]
[Date "2023.03.14"]
[Round "4.19"]
[White "Kitewski, Bartosz"]
[Black "Czarniecki, Pawel"]
[Result "1-0"]
[ECO "A88"]
[WhiteElo "1968"]
[BlackElo "1625"]
[Annotator "TA"]
[PlyCount "83"]
[EventDate "2023.03.11"]
[EventType "swiss"]
[EventCountry "POL"]
[SourceTitle "playchess.com"]
[Source "ChessBase"]
[SourceQuality "1"]
[TimeControl "40/5400+30:1800+30"]

1. d4 f5 2. c4 Nf6 3. g3 g6 4. Bg2 Bg7 5. Nf3 O-O 6. O-O d6 7. Nc3 c6 8. b3 Nbd7 {[%emt 0:01:41] 8...Qa5 is becoming the main line. A88: Dutch Defence: Leningrad System: 5 Nf3 0-0 6 0-0 d6 7 Nc3 c6.} 9. Re1 {[%emt 0:03:42] [#]} Qc7 $146 (9... e5 $11) ({Predecessor:} 9... h6 10. Qc2 e5 11. dxe5 Nxe5 12. Ba3 Ne4 13. Nxe5 Bxe5 14. Bxe4 fxe4 15. f4 exf3 16. Qxg6+ {0-1 Toncheva,N (1939)-Eftovski,M (1723) Skopje op 2019 (8)}) 10. Ng5 $16 Nb6 {[%emt 0:03:38] White is better.} 11. a4 {[%emt 0:02:21] [#] And now a5 would win. White is more active.} h6 12. Nf3 ({But not} 12. a5 Nxc4 13. bxc4 hxg5 $11) 12... a5 13. Qc2 ({White should play} 13. Ba3 $16) 13... e5 $14 14. dxe5 dxe5 15. Ba3 Rd8 (15... e4 $14) 16. Nh4 $16 Qf7 17. e4 Nh5 {[%emt 0:01:17] A mistake that costs the game.} (17... f4 $16) 18. exf5 g5 (18... Bxf5 19. Ne4 Bf8 20. Bxf8 Qxf8) 19. Ng6 $18 Re8 20. Qe2 (20. g4 $142) 20... Kh7 $2 (20... Bxf5 {is more resistant.} 21. Ne7+ Rxe7) 21. g4 Nf6 22. h3 Nbd7 23. Rad1 Ra6 24. Rd6 Rb6 25. Qc2 Bf8 26. Nxf8+ Nxf8 {[%emt 0:00:11] [#]} 27. Rxf6 $1 Qxf6 28. Ne4 Qh8 29. Nd6 Rd8 30. Nf7 Qf6 31. Nxd8 {[%emt 0:00:12][%cal Oa3e7] Be7! is the strong threat.} Qxd8 32. Bxf8 {[%emt 0:01:20] White wants to mate with f6+.} Qxf8 {[%emt 0:00:17] Black is weak on the light squares} 33. f6+ {[%emt 0:00:32][%cal Bf5f6,Bf6f7][%mdl 32] White mates.} Kh8 34. Rxe5 c5 35. Re7 Qg8 36. f7 Qf8 37. Re8 Kg7 38. Rxf8 Kxf8 39. Qh7 Rf6 40. Qg8+ Ke7 41. Qe8+ Kd6 42. Qd8+ {[%emt 0:00:46] Weighted Error Value: White=0.14 (very precise) /Black=0.68} 1-0

[Event "Polish Youth B18 Championship 2023"]
[Site "Jastrzebia Gora"]
[Date "2023.03.14"]
[Round "4.20"]
[White "Kossowski, Pawel"]
[Black "Pisarek, Jan"]
[Result "1/2-1/2"]
[ECO "B40"]
[WhiteElo "1766"]
[BlackElo "1931"]
[Annotator "TA"]
[PlyCount "67"]
[EventDate "2023.03.11"]
[EventType "swiss"]
[EventCountry "POL"]
[SourceTitle "playchess.com"]
[Source "ChessBase"]
[SourceQuality "1"]
[TimeControl "40/5400+30:1800+30"]

1. e4 c5 2. Nf3 e6 3. d4 cxd4 4. Nxd4 Nf6 5. Nc3 Nc6 6. Ndb5 Bb4 7. a3 Bxc3+ 8. Nxc3 d5 9. exd5 exd5 10. Bd3 O-O 11. O-O d4 12. Ne2 Bg4 13. f3 Bh5 14. Bg5 Bg6 $1 {[%emt 0:00:41][%mdl 4] is currently scoring better than 14...Qd6. B45: Sicilian Four Knights.} 15. Qd2 Qd6 16. Rad1 Rad8 {[%emt 0:02:50] White has an edge.} 17. Bxg6 hxg6 {[%emt 0:00:48] [#]} 18. Be3 $1 d3 (18... Nd5 19. Bf2) 19. cxd3 Ne5 {[%emt 0:02:52][%cal Rd6d3] [#]} 20. Qc2 $146 ({Predecessor:} 20. Bf4 Qxd3 21. Qe1 Qb5 22. Nd4 Rxd4 23. Rxd4 Nc6 24. Rd2 g5 25. Bg3 g4 26. fxg4 Nxg4 {½-½ Lhotsky,Z (1923)-Koubova,A (2110) Ricany op-A 2018 (3)}) 20... Rfe8 21. Bf4 Qa6 {[%emt 0:00:07][%cal Re5d3] The position is equal.} 22. Bxe5 Rxe5 23. Nc3 Nd5 24. Nxd5 Rexd5 25. Rfe1 Rxd3 26. Rxd3 Qxd3 27. Qxd3 Rxd3 $11 {[%emt 0:00:06][%mdl 4096] Endgame KR-KR} 28. Re8+ Kh7 29. Kf2 Rb3 30. Re2 g5 31. Ke1 Kg6 32. Kd1 Kf6 33. Kc2 Rb6 34. h3 {[%emt 0:00:37] Weighted Error Value: White=0.05 (flawless) /Black=0.04 (flawless)} 1/2-1/2

[Event "Polish Youth B18 Championship 2023"]
[Site "Jastrzebia Gora"]
[Date "2023.03.14"]
[Round "4.21"]
[White "Bem, Tymoteusz"]
[Black "Wesolek, Krzysztof"]
[Result "1/2-1/2"]
[ECO "A38"]
[WhiteElo "1748"]
[BlackElo "1765"]
[Annotator "NA RC COMBH"]
[PlyCount "90"]
[EventDate "2023.03.11"]
[EventType "swiss"]
[EventCountry "POL"]
[SourceTitle "playchess.com"]
[Source "ChessBase"]
[SourceQuality "1"]
[TimeControl "40/5400+30:1800+30"]

1. Nf3 Nf6 2. c4 c5 3. Nc3 Nc6 4. g3 g6 5. Bg2 Bg7 6. O-O e5 7. d3 d6 8. a3 O-O 9. Rb1 a5 10. Ne1 Be6 11. Nc2 d5 12. cxd5 Bxd5 13. Nxd5 Nxd5 14. Ne3 Nxe3 15. Bxe3 Qd6 16. Re1 Rac8 17. Qa4 b6 18. Rbc1 Rfd8 19. Qc4 Nd4 20. Bh3 Rc7 21. b4 axb4 22. axb4 Bf8 23. Bg2 b5 24. bxc5 Rxc5 25. Qa2 b4 26. Rxc5 Qxc5 27. Rc1 b3 28. Qb2 Qa3 29. Bxd4 Rxd4 30. Rb1 Qa2 31. Qxb3 Qxe2 32. Bd5 Qxd3 33. Bxf7+ Kg7 34. Qa2 Rd7 35. Be6 Rc7 36. Re1 Bd6 37. Qa8 Kh6 38. Qd8 Qd2 39. Re4 Qc1+ 40. Kg2 Qc6 41. f3 Be7 42. Qg8 Qd6 43. Kh3 Qd8 44. Qf7 Bf6 45. Qg8 Qxg8 1/2-1/2

[Event "Polish Youth B18 Championship 2023"]
[Site "Jastrzebia Gora"]
[Date "2023.03.14"]
[Round "4.22"]
[White "Zeissel, Andrzej"]
[Black "Sternik, Piotr"]
[Result "1-0"]
[ECO "B12"]
[WhiteElo "1717"]
[BlackElo "1746"]
[Annotator "NA RC COMBH"]
[PlyCount "85"]
[EventDate "2023.03.11"]
[EventType "swiss"]
[EventCountry "POL"]
[SourceTitle "playchess.com"]
[Source "ChessBase"]
[SourceQuality "1"]
[TimeControl "40/5400+30:1800+30"]

1. e4 c6 2. d4 d5 3. f3 e6 4. Nc3 Bb4 5. Bd2 Ne7 6. a3 Ba5 7. Bd3 Nd7 8. f4 Bb6 9. Nf3 O-O 10. e5 f6 11. b4 Qe8 12. Ne2 fxe5 13. fxe5 Nf5 14. c3 Bd8 15. O-O b6 16. Qe1 a5 17. g4 Ne7 18. Nf4 Ng6 19. Nxg6 hxg6 20. Qe2 Nb8 21. a4 axb4 22. cxb4 Be7 23. g5 c5 24. Nh4 Rf5 25. Nxf5 gxf5 26. bxc5 bxc5 27. Bb5 Qg6 28. h4 cxd4 29. h5 Qf7 30. Rac1 Qf8 31. Rc2 Bd7 32. Rfc1 Ba3 33. Rb1 f4 34. Qg4 d3 35. Rc7 Bc5+ 36. Kh2 Ra7 37. Rxa7 Bxa7 38. Bxd7 Nxd7 39. Qxe6+ Kh7 40. Qxd7 Qc5 41. g6+ Kh6 42. Bxf4+ Kxh5 43. Qf5+ 1-0

[Event "Polish Youth B18 Championship 2023"]
[Site "Jastrzebia Gora"]
[Date "2023.03.15"]
[Round "5.1"]
[White "Dzida, Kamil"]
[Black "Kacprzak, Kacper"]
[Result "1-0"]
[ECO "B47"]
[WhiteElo "2333"]
[BlackElo "2248"]
[Annotator "TA"]
[PlyCount "69"]
[EventDate "2023.03.11"]
[EventType "swiss"]
[EventCountry "POL"]
[SourceTitle "playchess.com"]
[Source "ChessBase"]
[SourceQuality "1"]
[TimeControl "40/5400+30:1800+30"]

1. e4 c5 2. Nf3 e6 3. d4 cxd4 4. Nxd4 Nc6 5. Nc3 Qc7 6. Be2 a6 7. O-O Nf6 8. Be3 Be7 9. f4 d6 10. Kh1 O-O 11. Qe1 Nxd4 12. Bxd4 b5 13. a3 Bb7 14. Qg3 Rad8 {[%emt 0:00:06] is now more promising than 14...Bc6.} 15. Rae1 {[%emt 0:00:08] B85: Sicilian Scheveningen: 6 Be2 a6, lines with early Be3.} Rd7 16. Bd3 Re8 17. a4 {[%emt 0:05:48] The position is equal. is the legacy move (17.Nd1).} b4 18. Nd1 (18. Na2 $5 ) 18... Bd8 19. b3 e5 20. Bb2 {[%emt 0:00:08] [#]} Nh5 $146 ({Predecessor:} 20... h6 21. Qh3 exf4 22. Rxf4 Re6 23. a5 Qc8 24. Ne3 Nxe4 25. Qg4 Nf6 26. Qd1 g6 {½-½ Galliano,G (2419)-Elyoseph,H (2429) ICCF GMN/066 email 2018}) 21. Qg4 Nf6 22. Qh3 Qc8 {[%emt 0:01:01] [#]} (22... Re6 $14) 23. Ne3 $1 $16 exf4 $2 (23... Rc7 $16) 24. Rxf4 {[%emt 0:10:16] Hoping for Bxf6.} Nxe4 {[%emt 0:09:47] [#]} 25. Qg4 $1 (25. Bxg7 Bg5 26. Bd4 Rde7 $16) 25... Nc3 $2 (25... Ng5 $2 26. Bxh7+ (26. Rxb4 Ne6 $18) 26... Kxh7 27. Qh5+ Kg8 28. Rh4 (28. Rxb4 $2 {too greedy.} Be4 $19) 28... Bxg2+ 29. Nxg2 (29. Kxg2 $2 Qb7+ 30. Kf2 Ne4+ {[%mdl 64] Discovered Attack} 31. Kg1 Bxh4 $19) 29... Rxe1+ 30. Nxe1 $18) (25... Bf6) 26. Bf5 $18 ({Weaker is} 26. Rxb4 Rde7 $18) 26... Qc5 27. Qh3 ({Not} 27. Bxd7 Rxe3 28. Rff1 Re5 $16) 27... g6 {[%emt 0:07:25] aiming for ...Rde7.} 28. Bxd7 Re5 29. Rff1 {[%emt 0:04:06][%cal Of1f7] Rxf7! would be deadly.} Rh5 {[%emt 0:01:56] [#]} 30. Nf5 $1 Be4 {[%emt 0:01:15] [#]} (30... Qxf5 31. Bxf5) 31. Rxe4 $1 Nxe4 {[%emt 0:00:49] [#]} 32. Qxh5 $3 {[%emt 0:00:19][%mdl 576] White wants to mate with Nh6+. Remove Defender} Nf2+ {[%emt 0:01:01] [#]} 33. Rxf2 $1 Qxf2 34. Nh6+ Kf8 {[%emt 0:00:06][%cal Rf2e1][%mdl 1024] Black has strong compensation.} 35. Qd1 {[%emt 0:00:04] Repels Qe1+. A superb game by Dzida.   Weighted Error Value: White=0.05 (flawless) /Black=0.64} 1-0

[Event "Polish Youth B18 Championship 2023"]
[Site "Jastrzebia Gora"]
[Date "2023.03.15"]
[Round "5.2"]
[White "Chyzy, Jakub"]
[Black "Luberanski, Jakub"]
[Result "1-0"]
[ECO "C02"]
[WhiteElo "2250"]
[BlackElo "2242"]
[Annotator "TA"]
[PlyCount "65"]
[EventDate "2023.03.11"]
[EventType "swiss"]
[EventCountry "POL"]
[SourceTitle "playchess.com"]
[Source "ChessBase"]
[SourceQuality "1"]
[TimeControl "40/5400+30:1800+30"]

1. e4 e6 2. d4 d5 3. e5 c5 4. c3 Nc6 5. Nf3 Qb6 6. Na3 Bd7 {[%emt 0:01:38] C02: French: Advance Variation.} 7. Nc2 f6 8. Bd3 c4 {[%emt 0:03:26] The position is equal.} 9. Be2 fxe5 10. Nxe5 (10. dxe5 $14 Bc5 11. O-O) 10... Nxe5 $11 11. dxe5 Bc5 12. O-O Ne7 {[%emt 0:00:07] [#]} 13. Ne3 $146 (13. Bh5+ $11 g6 14. Be2) ({Predecessor:} 13. Kh1 Bxf2 14. Bg5 Ng6 15. Nd4 O-O 16. Qd2 Nxe5 17. Bf4 Bxd4 18. cxd4 Nc6 19. Be3 {0-1 Barrios Munoz,R (2132)-Gavilan Diaz,M (2300) Andalucia-ch 0708 2008 (4)}) 13... Qc7 $15 14. Bh5+ g6 15. Bf3 Qxe5 ({Black should play} 15... O-O-O $15) 16. Re1 $11 {[%emt 0:10:15][%cal Oe3d5] aiming for Nxd5!} Qc7 $1 {[%emt 0:19:20] [#]} 17. Bxd5 $1 Bxe3 (17... exd5 18. Nxd5 Qc6 19. Bg5 $16) 18. Rxe3 exd5 19. Qd4 $1 Rf8 {[%emt 0:03:43] ...Qb6 is the strong threat.} (19... Kf7 $2 20. Rxe7+ Kxe7 21. Bf4 $18) 20. Re2 {[%emt 0:03:24] Hoping for Bg5.} Kf7 $2 {[%emt 0:10:09][%mdl 8192] This move loses the game for Black.} (20... Qb6 $1 $11 21. Bg5 (21. Qxd5 $2 Rxf2 22. Rxe7+ Kxe7 $19) 21... Qxd4 22. Rxe7+ Kd8 23. cxd4 Rf5 24. Re5+ Kc7) 21. Bh6 (21. Bg5 $2 Nc6 22. Qxd5+ Kg7 $17) (21. Qh4 $142 Kg8 22. Rxe7 (22. Qxe7 $2 Rae8 $19)) 21... Nf5 $18 22. Qxd5+ $40 {[%emt 0:00:08][%mdl 128] Black is in trouble.} Kf6 23. Bxf8 (23. Bf4 $2 Qxf4 24. Qxd7 Rf7 $19) 23... Rxf8 24. g4 Kg5 (24... Qd6 $2 25. Qxd6+ Nxd6 26. Rd1 Bxg4 27. Rxd6+ Kg7 28. Re4 $18) (24... Qc6 {is a better defense.} 25. Qxc6+ (25. Qe5+ Kf7 $16) 25... Bxc6) 25. gxf5 Rxf5 26. Qd2+ Kh5 (26... Qf4 {was worth a try.} 27. h4+ {[%mdl 64] Deflection} (27. Qxd7 Qg4+ 28. Kf1 Rxf2+ {[%mdl 64] Discovered Attack} 29. Kxf2 Qxd7 $15) 27... Kxh4 28. Qxf4+ (28. Qxd7 $2 Qg4+ 29. Kf1 Rxf2+ {[%mdl 64] Discovered Attack} 30. Kxf2 Qxd7 $19) 28... Rxf4) 27. Re3 {[%emt 0:01:06] Threatens to win with Rh3+.} Rf4 (27... Bc6 $142 28. Rh3+ Kg4) 28. Rae1 {[%emt 0:01:36] And now Re7 would win. White is clearly winning.} Bf5 29. Re7 {[%emt 0:02:13][%mdl 64] Skewer} Rg4+ 30. Kf1 Bd3+ {[%emt 0:00:06] [#]} 31. Qxd3 $3 Qxe7 32. Qd5+ ({Less strong is} 32. Rxe7 cxd3 33. Rxh7+ Kg5 34. Rxb7 Re4 35. Rb5+ (35. Rxa7 $2 {loses.} d2 $19) 35... Kf6 $18) 32... Qg5 {[%emt 0:01:10] [#]} 33. Re5 $1 {[%emt 0:00:06] A cool game by Chyzy.   Weighted Error Value: White=0.41/Black=0.54} (33. Qxb7 {gets mated.} Rg1+ 34. Ke2 Qe5+ {[%mdl 64] Skewer, Double Attack} 35. Kf3 Qf5+ 36. Ke3 Qd3+ 37. Kf4 g5+ 38. Ke5 Rxe1+) 1-0

[Event "Polish Youth B18 Championship 2023"]
[Site "Jastrzebia Gora"]
[Date "2023.03.15"]
[Round "5.3"]
[White "Kacprzak, Karol"]
[Black "Luczak, Filip"]
[Result "0-1"]
[ECO "C02"]
[WhiteElo "2221"]
[BlackElo "2345"]
[Annotator "TA"]
[PlyCount "30"]
[EventDate "2023.03.11"]
[EventType "swiss"]
[EventCountry "POL"]
[SourceTitle "playchess.com"]
[Source "ChessBase"]
[SourceQuality "1"]
[TimeControl "40/5400+30:1800+30"]

1. e4 e6 2. d4 d5 3. e5 c5 4. c3 Nc6 5. Nf3 Bd7 6. Be2 f6 7. exf6 Nxf6 8. O-O Qb6 9. Qb3 {[%emt 0:15:06] [#] C02: French: Advance Variation.} (9. a3 $11) 9... Bd6 $146 ({Predecessor:} 9... Qc7 10. Bg5 Bd6 11. Bh4 O-O 12. Bg3 Bxg3 13. hxg3 Ne4 14. Na3 Rxf3 15. Bxf3 Nd2 16. Qd1 Nxf1 17. Kxf1 cxd4 18. cxd4 {0-1 Mokshanov,A (2393)-Ponkratov,P (2582) RUS-ch Higher League 64th 2011 (1)}) 10. Qxb6 axb6 11. Re1 {[%emt 0:01:53] The position is equal.} O-O 12. Bd3 (12. Na3 $11 {keeps the balance.}) 12... cxd4 $17 {[%emt 0:03:17][%mdl 64] Deflection} 13. cxd4 (13. Nxd4 $17 {is a better defense.} Ng4 {[%mdl 64] Discovered Attack} 14. Nf3) 13... Nb4 $1 $19 14. Rd1 {[%emt 0:00:37] [#]} Ba4 $1 ({Not} 14... Rxa2 15. Rxa2 Nxa2 16. Bd2 $15) 15. Rd2 Bf4 {[%emt 0:00:58][%mdl 64] Skewer.   Weighted Error Value: White=0.48/Black=0.08 (flawless)} 0-1

[Event "Polish Youth B18 Championship 2023"]
[Site "Jastrzebia Gora"]
[Date "2023.03.15"]
[Round "5.4"]
[White "Zdybel, Przemyslaw"]
[Black "Ochedzan, Tymon"]
[Result "0-1"]
[ECO "B10"]
[WhiteElo "2268"]
[BlackElo "2240"]
[Annotator "TA"]
[PlyCount "70"]
[EventDate "2023.03.11"]
[EventType "swiss"]
[EventCountry "POL"]
[SourceTitle "playchess.com"]
[Source "ChessBase"]
[SourceQuality "1"]
[TimeControl "40/5400+30:1800+30"]

1. e4 c6 2. Nc3 d5 3. Nf3 dxe4 4. Nxe4 Nf6 5. Ng3 g6 6. d4 Bg7 7. Be2 O-O {[%emt 0:03:54] B15: Caro-Kann: 3 Nc3: 3...g6 and 3...dxe4 4 Nxe4 Nf6 5 Nxf6+ exf6.} 8. O-O c5 {[%emt 0:07:11] [#]} 9. c4 $146 ({Predecessor:} 9. dxc5 Qc7 10. c3 Nbd7 11. Nd4 Nxc5 12. Nb5 Qb8 13. Bf3 Bd7 14. Qe2 e5 15. Be3 {½-½ Bokros,A (2471)-Omorjan,D (2259) Vojvodina-chT 2nd League 2020 (1.1)}) 9... Qc7 {[%emt 0:08:57] The position is equal.} 10. dxc5 Na6 11. Qc2 Nxc5 12. b4 Ne6 13. Bb2 a5 14. a3 (14. Be5 $5 Qb6 15. b5 $11) 14... axb4 15. axb4 Bd7 16. Be5 Qb6 17. Qb2 (17. Rab1 $14 {keeps the upper hand.}) 17... Rxa1 $17 {[%emt 0:03:00] White is on the road to losing.} 18. Rxa1 Ng4 19. Bxg7 Qxf2+ (19... Nxg7 20. c5 Qf6 21. Qxf6 Nxf6 22. Ne5 $16) 20. Kh1 Nxg7 21. Qd4 {[%emt 0:00:53] [#] Prevents Ne3.} Ne3 $1 22. Rg1 Bc6 {[%emt 0:08:21] ...Ne6 is the strong threat. Black is more active.} 23. b5 Ne6 $40 {[%emt 0:01:08][%mdl 128] Black has strong attack.} 24. Qc3 {[%emt 0:05:18] [#]} (24. Qa7 $17 Be4 25. Nxe4 Qxe2 26. Qxb7) 24... Be4 (24... Bxf3 $1 $19 25. Bxf3 Nf4) 25. Nxe4 (25. Qe1 $17 Qxe1 26. Rxe1 Bxf3 27. Bxf3 Nxc4 28. Bxb7) 25... Qxe2 $19 26. Ng3 {[%emt 0:02:05] [#]} (26. Qd2 $142 Qxd2 27. Nexd2) 26... Nd1 $1 {[%emt 0:02:11][%cal Rd1f2][%mdl 64] Double Attack} 27. Re1 Qxg2+ 28. Kxg2 Nxc3 29. Ra1 Nc5 30. Ra3 N3e4 31. Nxe4 Nxe4 32. b6 Rc8 {[%emt 0:01:01] Black is winning.} 33. Ra7 Nc5 (33... Rxc4 $2 {too greedy.} 34. Rxb7 Rc2+ 35. Kg1 $19) 34. Nd4 Kg7 35. Nb5 Rc6 {[%emt 0:00:40] Artfully played by Ochedzan.   Weighted Error Value: White=0.30/Black=0.12 (very precise)} 0-1